 Dungeon Crawl Stone Soup version 0.29-a0-320-g9f8742066b (webtiles) character file.

Game seed: 12954109874339837408

419 Bnni the Ruffian (level 6, -2/67 HPs)
             Began as an Octopode Fighter on Apr 3, 2022.
             Slain by a vampire mosquito (7 damage)
             ... on level 5 of the Dungeon.
             The game lasted 00:05:39 (3402 turns).

Bnni the Ruffian (Octopode Fighter)                 Turns: 3402, Time: 00:05:40

Health: -2/67      AC:  5    Str: 15    XL:     6   Next: 93%
Magic:  6/6        EV: 13    Int: 11    God:
Gold:   1          SH:  0    Dex: 13    Spells: 5/5 levels left

rFire   . . .      SeeInvis +     - Unarmed
rCold   . . .      Faith    .   l - orb {*Rage}
rNeg    . . .      Spirit   .   (helmet restricted)
rPois   .          Reflect  .   (no amulet)
rElec   .          Harm     .   f - +4 ring of protection
rCorr   .          Rampage  .   e - ring of see invisible
Will    .....      Rage     20% (no ring)
Stlth   ..........              (no ring)
HPRegen 0.21/turn               (no ring)
MPRegen 0.10/turn               (no ring)
                                (no ring)
                                (no ring)

@: berserking (expiring), very quick
A: almost no armour, amphibious, 8 rings, camouflage 1, gelatinous body 1,
(nimble swimmer 1), tentacles
a: no special abilities


You were on level 5 of the Dungeon.
You visited 1 branch of the dungeon, and saw 5 of its levels.

You collected 136 gold pieces.
You spent 135 gold pieces at shops.

Inventory:

Missiles
 p - 15 poisoned darts (quivered)
Armour
 a - a +0 buckler
 l - an orb of wrath (worn)
Jewellery
 e - a ring of see invisible (right tentacle)
 f - a +4 ring of protection (left tentacle)
Wands
 m - a wand of polymorph (7)
Scrolls
 d - 2 scrolls of teleportation
 g - a scroll of silence {unknown}
 i - a scroll of amnesia {unknown}
 n - a scroll of enchant weapon {unknown}
 q - a scroll of enchant armour {unknown}
Potions
 b - a potion of might
 c - 2 potions of attraction
 h - a potion of mutation {unknown}
 j - a potion of haste
 k - a potion of flight {unknown}
 o - a potion of degeneration {unknown}
 r - a potion of ambrosia {unknown}


   Skills:
 + Level 4.9 Fighting
 - Level 3.0 Dodging
 - Level 3.0 Shields
 * Level 6.0 Unarmed Combat


You had 5 spell levels left.
You didn't know any spells.
Your spell library contained the following spells:

 Spells                   Type           Power      Damage    Failure   Level
 Freeze                   Ice            0%         1d3       34%         1
 Slow                     Hex            0%         N/A       34%         1
 Confusing Touch          Hex            0%         N/A       71%         3
 Frozen Ramparts          Ice            0%         1d2       71%         3
 Vampiric Draining        Necr           0%         2d6       71%         3
 Hailstorm                Conj/Ice       0%         3d3       98%         4


Dungeon Overview and Level Annotations

Branches:
Dungeon (5/15)
 Temple: D:4-7

Altars:

Shops:
D:4 *


Innate Abilities, Weirdness & Mutations

You cannot wear most types of armour.
You are amphibious.
You can wear up to eight rings at the same time.
Your skin changes colour to match your surroundings (Stealth+).
Your rubbery body absorbs attacks. (AC +1, EV +1)
((You are camouflaged when in or above water. (Stealth+)))
You have tentacles for arms and can constrict up to eight enemies at once.


Message History

An orc comes into view. It is wielding a +0 club.
You closely miss the vampire mosquito. Your grab misses the vampire mosquito.
The vampire mosquito bites you.
The vampire mosquito draws strength from your injuries!
You tentacle-slap the vampire mosquito. Your grab misses the vampire mosquito.
Your squeeze misses the vampire mosquito.
The vampire mosquito is lightly damaged.
The vampire mosquito bites you.
The vampire mosquito draws strength from your injuries!
The iguana hisses menacingly.
You tentacle-slap the vampire mosquito. Your grab misses the vampire mosquito.
The vampire mosquito is lightly damaged.
The vampire mosquito bites you!
* * * LOW HITPOINT WARNING * * *
The vampire mosquito draws strength from your injuries!
The vampire mosquito bites you but does no damage.
You barely miss the vampire mosquito. Your grab misses the vampire mosquito.
You bludgeon the vampire mosquito! Your grab misses the vampire mosquito.
Your squeeze misses the vampire mosquito.
The vampire mosquito is moderately damaged.
The vampire mosquito misses you. The vampire mosquito bites you.
* * * LOW HITPOINT WARNING * * *
The vampire mosquito draws strength from your injuries!
You closely miss the vampire mosquito. You grab the vampire mosquito.
The vampire mosquito is moderately damaged.
You constrict the vampire mosquito. The vampire mosquito bites you!
* * * LOW HITPOINT WARNING * * *
The vampire mosquito draws strength from your injuries!
You bludgeon the vampire mosquito!
The vampire mosquito is heavily damaged.
You constrict the vampire mosquito. The vampire mosquito bites you.
* * * LOW HITPOINT WARNING * * *
The vampire mosquito draws strength from your injuries!
An orc comes into view. It is wielding a +0 morningstar.
You are too berserk!
The orc shouts!
You bludgeon the vampire mosquito!
The vampire mosquito is severely damaged.
You constrict the vampire mosquito. The vampire mosquito bites you!
You die...

..#†.#
#######..####
.......<....#
.##########.#
#.# #.# #.#
#.# #@# #y#
#y# 5y# .l#
..o# ..>#
o...#


You could see 3 vampire mosquitoes, an iguana, 2 orcs and an ufetubus.

Vanquished Creatures
  A sky beast (D:5)
  A black bear (D:4)
  A scorpion (D:4)
  2 iguanas (D:4)
  5 adders
  2 dart slugs
  4 orcs
  5 ball pythons
  7 bats
  5 endoplasms
  3 giant cockroaches
  4 goblins
  10 hobgoblins
  2 jackals (D:5)
  6 quokkas
  3 frilled lizards
  12 kobolds
  9 rats
82 creatures vanquished.

Notes
Turn   | Place    | Note
-------+----------+-------------------------------------------
     0 | D:1      | Bnni the Octopode Fighter began the quest for the Orb.
     0 | D:1      | Reached XP level 1. HP: 16/16 MP: 1/1
   179 | D:1      | Reached XP level 2. HP: 20/21 MP: 2/2
   626 | D:1      | Reached skill level 3 in Unarmed Combat
   626 | D:1      | Reached XP level 3. HP: 26/26 MP: 3/3
   762 | D:1      | Found a faded altar of an unknown god.
  1508 | D:2      | Reached XP level 4. HP: 32/32 MP: 4/4
  2203 | D:3      | Reached skill level 4 in Unarmed Combat
  2308 | D:4      | Found Rol Itt's Assorted Antiques.
  2319 | D:4      | Noticed a scorpion
  2325 | D:4      | Killed a scorpion
  2326 | D:4      | Reached XP level 5. HP: 37/37 MP: 5/5
  2717 | D:4      | Noticed a black bear
  2738 | D:4      | Killed a black bear
  2739 | D:4      | Reached skill level 5 in Unarmed Combat
  2739 | D:4      | Reached XP level 6. HP: 44/44 MP: 6/6
  3269 | D:5      | Entered Level 5 of the Dungeon
  3340 | D:4      | Bought a silver ring for 135 gold pieces
  3379 | D:5      | Noticed a sky beast
  3387 | D:5      | Noticed a vampire mosquito
  3388 | D:5      | Noticed a vampire mosquito
  3389 | D:5      | Noticed a vampire mosquito
  3393 | D:5      | Killed a sky beast
  3393 | D:5      | Noticed a vampire mosquito
  3394 | D:5      | Reached skill level 6 in Unarmed Combat
  3402 | D:5      | Slain by a vampire mosquito

Illustrated notes

Levels and vault maps discovered:
D:1:      scummos_arrival_hexagon, layout_basic,
          chequers_ecumenical_altar_island, minmay_cut_off
D:2:      layout_basic, minivault_23, st_stairs_7, grunt_ministairs_5
D:3:      layout_basic, minmay_misc_feat_more_columns,
          minmay_misc_feat_diagonals, minmay_statues_item
D:4:      layout_gridville, serial_shops, nicolae_shop_advertising_works
          [nicolae_subvault_shop_adworks], kennysheep_generic_room_8
D:5:      layout_loops_ring, lightli_corner_chamber

Skill      XL: |  1  2  3  4  5  6 |
---------------+-------------------+-----
Unarmed Combat | 3 4 5 6 |  6.0
Fighting       | 4 |  4.9
Dodging        | |  3.0
Shields        | |  3.0

Action                   |  1- 3 |  4- 6 || total
-------------------------+-------+-------++-------
Melee: Unarmed           |    90 |    89 ||   179
       Tentacles         |    17 |    21 ||    38
       Constrict         |    23 |    22 ||    45
       Punch             |     2 |       ||     2
  Use: Scroll            |       |     3 ||     3
 Stab: Sleeping          |    11 |     9 ||    20
Armor: Skin              |    18 |    15 ||    33
Dodge: Dodged            |    50 |    36 ||    86
Block: Buckler           |    21 |       ||    21

Table legend: (Time is in decaauts)
 A = Elapsed time spent in this place.
 B = Non-inter-level travel time spent in this place.
 C = Inter-level travel time spent in this place.
 D = Time resting spent in this place.
 E = Time spent auto-exploring this place.
 F = Levels seen in this place.
 G = Mean time per level.
                   A        B        C        D        E       F      G
               +--------+--------+--------+--------+--------+-----+--------+
         Total |   3493 |   3336 |    157 |    356 |   2406 |   5 |  698.6 |
       Dungeon |   3493 |   3336 |    157 |    356 |   2406 |   5 |  698.6 |
               +--------+--------+--------+--------+--------+-----+--------+

Top non-repeatable levels by time:
     D:4: 1084 daAuts
     D:2: 895 daAuts
     D:1: 866 daAuts
     D:3: 584 daAuts
     D:5: 61 daAuts
